 Dungeon Crawl Stone Soup version 0.28-a0-465-ge2dae52223 (webtiles) character file.

Game seed: 10189512600366459524

417 sleeves the Cleaver (level 6, -1/51 HPs)
             Began as a Hill Orc Cinder Acolyte on Sept 14, 2021.
             Was an Initiate of Okawaru.
             Succumbed to a gnoll sergeant's poison
             ... on level 5 of the Dungeon.
             The game lasted 00:09:15 (4723 turns).

sleeves the Cleaver (Hill Orc Cinder Acolyte)       Turns: 4723, Time: 00:09:16

Health: -1/51      AC:  7    Str: 17    XL:     6   Next: 92%
Magic:  7/7        EV: 10    Int: 14    God:    Okawaru [......]
Gold:   113        SH:  0    Dex:  8    Spells: 5/7 levels left

rFire   . . .      SeeInvis +   u - +1 short sword (venom)
rCold   . . .      Faith    .   (no shield)
rNeg    . . .      Spirit   .   w - +0 ring mail
rPois   .          Reflect  .   h - +0 helmet
rElec   .          Harm     .   (no cloak)
rCorr   .          Rampage  .   (no gloves)
Will    .....                   (no boots)
Stlth   ..........              (no amulet)
HPRegen 0.17/turn               k - ring of see invisible
MPRegen 0.10/turn               (no ring)

@: mighty, lethally poisoned (-1 -> -25), fire susceptible
A: no striking features
a: Renounce Religion


You were on level 5 of the Dungeon.
You worshipped Okawaru.
Okawaru was noncommittal.
You visited 2 branches of the dungeon, and saw 6 of its levels.

You collected 113 gold pieces.

Inventory:

Hand Weapons
 a - a -1 hand axe of flaming
 u - a +1 short sword of venom (weapon)
   (You took it off a kobold on level 1 of the Dungeon)
Armour
 f - a +0 scale mail
   (You found it on level 1 of the Dungeon)
 h - a +0 helmet (worn)
   (You found it on level 1 of the Dungeon)
 w - a +0 ring mail (worn)
   (You found it on level 4 of the Dungeon)
Jewellery
 k - a ring of see invisible (left hand)
   (You found it on level 2 of the Dungeon)
 y - a ring of wizardry
   (You found it on level 5 of the Dungeon)
Wands
 n - a wand of iceblast (9)
   (You found it on level 2 of the Dungeon)
 v - a wand of charming (8)
   (You found it on level 4 of the Dungeon)
Scrolls
 b - a scroll of fog {unknown}
 c - 2 scrolls of noise {unknown}
 l - 2 scrolls of brand weapon {unknown}
 m - a scroll of enchant weapon {unknown}
 o - 4 scrolls of amnesia {unknown}
 q - 3 scrolls of identify {unknown}
 r - 2 scrolls of enchant armour {unknown}
 s - a scroll of blinking {unknown}
Potions
 d - a potion of magic {unknown}
 e - a potion of invisibility {unknown}
 g - a potion of mutation {unknown}
 i - a potion of ambrosia {unknown}
 j - a potion of curing {unknown}
 p - 2 potions of cancellation {unknown}
 t - a potion of might
 x - a potion of brilliance {unknown}
 z - a potion of degeneration {unknown}
 A - a potion of haste {unknown}


   Skills:
 - Level 3.6 Fighting
 + Level 8.1 Axes
 + Level 4.4 Armour
 - Level 1.0 Spellcasting
 - Level 3.2 Fire Magic


You had 5 spell levels left.
You knew the following spells:

 Your Spells              Type           Power      Damage    Failure   Level
a - Scorch                Fire           18%        2d6       19%         2

Your spell library contained the following spells:

 Spells                   Type           Power      Damage    Failure   Level
 Beastly Appendage        Tmut           0%         N/A       41%         1
 Sandblast                Erth           0%         2d4       41%         1
 Passwall                 Tmut/Erth      0%         N/A       56%         2
 Wereblood                Tmut           0%         N/A       56%         2
 Spider Form              Tmut/Pois      0%         N/A       80%         3
 Stone Arrow              Conj/Erth      0%         3d7       80%         3
 Fulminant Prism          Conj/Hex       0%         3d6       99%         4
 Iskenderun's Mystic Bla  Conj/Tloc      0%         2d3       99%         4
 Lee's Rapid Deconstruct  Erth           0%         3d5*      100%        5


Dungeon Overview and Level Annotations

Branches:
Dungeon (5/15)             Temple (1/1) D:5

Altars:
Ashenzari
Dithmenos
Elyvilon
Fedhas
Hepliaklqana
Kikubaaqudgha
Makhleb
Nemelex Xobeh
Okawaru
Ru
Sif Muna
Trog
Uskayaw
Wu Jian
Xom
Yredelemnul
Zin
The Shining One

Shops:
D:1 [

Annotations:
D:3 Grinder


Message History

You enter the shallow water.
Moving in this stuff is going to be slow.
Natasha closely misses you.
You hit Natasha. You burn Natasha.
Natasha is moderately wounded.
You hit the plant.
The plant begins to die.
You burn the plant.
Natasha wildly gestures.
You feel troubled. Natasha closely misses you.
Your unstable footing causes you to fumble your attack.
Natasha stares at you and mumbles some strange words.
The magic dart hits you!
Casting: Scorch (safe; 11% risk of failure)
Confirm with . or Enter, or press ? or * to list all spells.
Flames lash Natasha.
Natasha is heavily wounded.
Natasha's fire resistance burns away.
Natasha claws you.
A nearby plant withers and dies.
Natasha splashes around in the water.
Casting: Scorch (safe; 11% risk of failure)
Confirm with . or Enter, or press ? or * to list all spells.
Flames lash Natasha.
Natasha is severely wounded.
Natasha is no longer more vulnerable to fire.
Natasha is engulfed in a cloud of scalding steam.
Natasha closely misses you.
Your unstable footing causes you to fumble your attack.
Natasha is engulfed in a cloud of scalding steam.
You kill Natasha!
Natasha screams in fury as she dies!
Your Armour skill increases to level 2!
You have reached level 5!
You feel stronger.
You start resting.
Natasha, Servant of Life and Death comes into view.
Casting: Scorch (safe; 11% risk of failure)
Confirm with . or Enter, or press ? or * to list all spells.
Flames lash Natasha.
Natasha is moderately wounded.
Natasha's fire resistance burns away.
* * * LOW MAGIC WARNING * * *
Natasha is engulfed in a cloud of scalding steam.
You kill Natasha!
You feel Natasha's spirit has finally been put to rest.
You enter the shallow water.
Moving in this stuff is going to be slow.
You see here the felid corpse of Natasha.
Unknown command.
You start resting.
Magic restored.
HP restored.
You enter the shallow water.
Moving in this stuff is going to be slow.
There is a stone staircase leading up here.
You see here a +0 mace.
Done exploring.
Done exploring.
Done exploring.
Done exploring.
(D) Dungeon
Where to? (? - help)
There is a stone staircase leading up here.
You see here a +0 dagger.
There is a stone staircase leading down here.
You climb downwards.
There is a stone staircase leading up here.
Found 15 stones.
o - 4 scrolls labelled CIM VUHENON (gained 3)
A hobgoblin and an orc come into view.
Found a black potion.
Found a stone staircase leading down.
The orc shouts!
A goblin comes into view. It is wielding a +0 dagger.
There are monsters nearby!
You closely miss the orc. The orc hits you with a +0 whip.
You barely miss the orc. The orc hits you with a +0 whip.
You hit the orc. You burn the orc.
The orc is moderately wounded.
The orc hits you with a +0 whip.
You hit the orc. You burn the orc.
The orc is heavily wounded.
The orc barely misses you.
You hit the orc. You burn the orc.
You kill the orc!
You hit the hobgoblin. You burn the hobgoblin.
The hobgoblin is heavily wounded.
You barely miss the hobgoblin.
The hobgoblin is heavily wounded.
The hobgoblin barely misses you.
You closely miss the hobgoblin.
The hobgoblin is heavily wounded.
The hobgoblin barely misses you.
You hit the hobgoblin. You burn the hobgoblin.
The hobgoblin is almost dead.
The hobgoblin misses you.
You hit the hobgoblin. You burn the hobgoblin.
You kill the hobgoblin!
No target in view!
No target in view!
No target in view!
No target in view!
No target in view!
No target in view!
No target in view!
No target in view!
No target in view!
Search for what [? for help]? armor The goblin shouts!
Things that are here:
a +0 whip; a +0 leather armour
s - a +0 leather armour The goblin hits you with a +0 dagger.
You hit the goblin but do no damage. The goblin hits you with a +0 dagger.
You slash the goblin! You burn the goblin.
You kill the goblin!
No target in view!
No target in view!
You see here a +0 whip.
You start removing your armour.
You continue taking off your +0 robe. x4
You finish taking off your +0 robe.
You start putting on your armour.
You continue putting on your +0 leather armour. x5
You finish putting on your +0 leather armour.
You start resting.
HP restored.
You see here a +0 whip.
Things that are here:
a +0 dagger; a goblin corpse A rat comes into view.
A rat is nearby!
A rat is nearby!
You hit the rat. You burn the rat.
You kill the rat!
No target in view!
No target in view!
p - 2 black potions (gained 1)
Found two stone staircases leading down.
You pick up a book of Changes and begin reading...
You add the spells Beastly Appendage, Wereblood and Spider Form to your library.
A quokka comes into view.
You hit the quokka. You burn the quokka.
The quokka is severely wounded.
The quokka barely misses you.
You hit the quokka but do no damage.
The quokka is severely wounded.
The quokka bites you.
You barely miss the quokka.
The quokka is severely wounded.
The quokka closely misses you.
You barely miss the quokka.
The quokka is severely wounded.
The quokka barely misses you.
You hit the quokka. You burn the quokka.
You kill the quokka!
No target in view!
No target in view!
t - a metallic sapphire potion An adder comes into view.
The adder hisses angrily.
An adder is nearby!
An adder is nearby!
Casting: Scorch (safe; 12% risk of failure)
Confirm with . or Enter, or press ? or * to list all spells.
Flames lash the adder.
The adder is heavily wounded.
The adder's fire resistance burns away.
You hear a shout!
A rat comes into view.
Grinder comes into view.
Casting: Scorch (safe; 12% risk of failure)
Confirm with . or Enter, or press ? or * to list all spells.
You don't know that spell.
The adder barely misses you.
The adder is no longer more vulnerable to fire.
Casting: Scorch (safe; 12% risk of failure)
Confirm with . or Enter, or press ? or * to list all spells.
Flames lash the adder.
The adder is almost dead.
The adder's fire resistance burns away.
The adder closely misses you. The adder barely misses you.
The adder is no longer more vulnerable to fire.
The adder bites you.
You are poisoned.
The adder poisons you!
Casting: Scorch (safe; 12% risk of failure)
Confirm with . or Enter, or press ? or * to list all spells.
Flames lash the adder.
You kill the adder!
You feel sick.
You feel sick.
You feel sick.
You feel sick.
You feel sick.
You feel sick.
You feel sick.
You are no longer poisoned.
Grinder blinks!
Things that are here:
a +0 dagger; a goblin corpse You see here a +0 whip.
There is a stone staircase leading up here.
You climb upwards.
There is a stone staircase leading down here.
Unknown command.
(D) Dungeon
Where to? (Enter - D:3 @ (x,y), ? - help)
There is an open door here.
There is an open door here.
There is a stone staircase leading up here.
You climb upwards.
The jackal barely misses you. x2
The kobold hits you but does no damage.
You are poisoned.
There is a stone staircase leading down here.
There are monsters nearby!
There are monsters nearby!
You feel sick. The jackal closely misses you. The jackal barely misses you.
You feel sick. The jackal closely misses you.
You feel sick.
You feel sick.
The jackal bites you but does no damage.
There is an open door here.
You feel sick.
You hit the jackal. You burn the jackal.
You kill the jackal!
You feel sick.
Casting: Scorch (safe; 12% risk of failure)
Confirm with . or Enter, or press ? or * to list all spells.
Flames lash the kobold.
You kill the kobold!
You feel sick.
You feel sick.
You are no longer poisoned.
There is an open door here.
Things that are here:
a +1 short sword of venom; a kobold corpse; a jackal corpse
u - a +1 short sword of venom You start resting.
Magic restored.
You start resting.
HP restored.
Your -1 hand axe of flaming stops flaming.
Your +1 short sword of venom begins to drip with poison!
u - a +1 short sword of venom (weapon)
(D) Dungeon
Where to? (Enter - D:1, ? - help)
There is a stone staircase leading down here.
You climb downwards.
There is a stone staircase leading up here.
Done exploring.
Done exploring.
Done exploring.
Done exploring.
(D) Dungeon
Where to? (Enter - D:2, ? - help)
There is a stone staircase leading down here.
You climb downwards.
Level annotation: Grinder
There is a stone staircase leading up here.
Found a stone staircase leading up.
An adder comes into view.
The adder hisses angrily.
A bat comes into view.
The bat moves out of view.
An adder is nearby!
An adder is nearby!
A frilled lizard comes into view.
Casting: Scorch (safe; 12% risk of failure)
Confirm with . or Enter, or press ? or * to list all spells.
Flames lash the adder.
The adder is heavily wounded.
The adder's fire resistance burns away.
The frilled lizard hisses angrily.
Casting: Scorch (safe; 12% risk of failure)
Confirm with . or Enter, or press ? or * to list all spells.
Flames lash the adder.
The adder is burned terribly!
You kill the adder!
The bat hits you but does no damage.
Your Axes skill increases to level 7!
Found a leather armour and 25 stones.
The bat hits you. The bat hits you but does no damage.
You closely miss the frilled lizard. The bat barely misses you.
The frilled lizard bites you but does no damage.
You closely miss the frilled lizard. The bat hits you but does no damage.
The frilled lizard closely misses you. x2
You miss the frilled lizard. The bat hits you but does no damage.
The frilled lizard bites you but does no damage.
You miss the frilled lizard. The bat barely misses you.
The frilled lizard bites you but does no damage.
You hit the frilled lizard but do no damage.
The frilled lizard is poisoned.
The bat hits you but does no damage.
The frilled lizard bites you but does no damage.
You barely miss the frilled lizard.
The frilled lizard is heavily wounded.
The bat barely misses you.
The frilled lizard bites you but does no damage.
You closely miss the frilled lizard.
The frilled lizard is heavily wounded.
You kill the frilled lizard!
The bat hits you. The bat closely misses you. x2
There is a stone staircase leading up here.
The bat hits you but does no damage.
Found a scroll labelled QIF ZECSIPOR.
The bat barely misses you. The bat hits you.
You miss the bat. The bat closely misses you. The bat barely misses you.
The bat hits you but does no damage. The bat closely misses you.
The bat hits you but does no damage.
You hit the bat.
You kill the bat!
No target in view!
No target in view!
No target in view!
HP restored.
Magic restored.
r - 2 scrolls labelled QIF ZECSIPOR (gained 1)
An endoplasm comes into view.
The endoplasm quivers.
An endoplasm is nearby!
An endoplasm is nearby!
An endoplasm is nearby!
The endoplasm hits you but does no damage.
You hit the endoplasm but do no damage. The endoplasm barely misses you.
You puncture the endoplasm!
You kill the endoplasm!
No target in view!
No target in view!
A giant cockroach comes into view.
A giant cockroach is nearby!
A giant cockroach is nearby!
Found 11 gold pieces.
The giant cockroach bites you but does no damage.
You hit the giant cockroach.
The giant cockroach is poisoned.
The giant cockroach is moderately wounded.
The giant cockroach bites you but does no damage.
You hit the giant cockroach.
You kill the giant cockroach!
No target in view!
You now have 43 gold pieces (gained 11).
A giant cockroach comes into view.
Found 12 gold pieces.
A giant cockroach is nearby!
A giant cockroach is nearby!
A giant cockroach is nearby!
The giant cockroach bites you.
You puncture the giant cockroach!
You kill the giant cockroach!
No target in view!
No target in view!
You see here a giant cockroach corpse.
You now have 55 gold pieces (gained 12).
You open the door.
Found a faded altar of an unknown god.
There is an open door here.
There is an open door here.
Grinder shouts!
There is a stone staircase leading down here.
Grinder is nearby!
Grinder is nearby!
Unknown command.
Unknown command.
Unknown command.
Unknown command.
Unknown command.
Unknown command.
Unknown command.
Unknown command.
Unknown command.
Grinder blinks!
You climb downwards.
There is a stone staircase leading up here.
Found an escape hatch in the ceiling.
A hobgoblin comes into view.
The hobgoblin shouts!
A hobgoblin is nearby!
A hobgoblin is nearby!
The hobgoblin barely misses you.
You barely miss the hobgoblin. The hobgoblin closely misses you.
You completely miss the hobgoblin. The hobgoblin barely misses you.
You closely miss the hobgoblin. The hobgoblin hits you.
You hit the hobgoblin but do no damage.
The hobgoblin is poisoned.
The hobgoblin misses you.
You puncture the hobgoblin!
You kill the hobgoblin!
No target in view!
No target in view!
HP restored.
Found an escape hatch in the floor.
t - 2 metallic sapphire potions (gained 1)
A giant cockroach comes into view.
Found a stone staircase leading down.
You see here a scroll labelled NAPHINN PYONAA.
A giant cockroach is nearby!
q - 2 scrolls labelled NAPHINN PYONAA (gained 1)
Found a scroll labelled NAPHINN PYONAA and a ring mail.
The giant cockroach closely misses you.
You hit the giant cockroach.
You kill the giant cockroach!
No target in view!
No target in view!
v - a wand of charming (8)
q - 3 scrolls labelled NAPHINN PYONAA (gained 1)
You open the door.
There is an open door here.
Found a short sword.
A hound comes into view.
The hound barks!
You hit the hound but do no damage.
The hound is poisoned.
The hound bites you. x2
You hit the hound.
The hound looks as sick as possible!
The hound is moderately wounded.
The hound closely misses you. The hound bites you but does no damage.
You hit the hound.
You kill the hound!
Your Armour skill increases to level 3!
You see here a +0 ring mail.
w - a +0 ring mail You start removing your armour.
You continue taking off your +0 leather armour. x4
You finish taking off your +0 leather armour.
You start putting on your armour.
You continue putting on your +0 ring mail. x5
You finish putting on your +0 ring mail.
Drop what? 23/52 slots (_ for help) (? for menu, Esc to quit)
You drop a +0 robe.
You drop a +0 leather armour.
You start resting.
HP restored.
Okay, then.
A quokka comes into view.
A quokka is nearby!
A quokka is nearby!
A quokka is nearby!
You barely miss the quokka. The quokka barely misses you.
The quokka bites you but does no damage.
You barely miss the quokka. The quokka closely misses you.
You barely miss the quokka.
The quokka twitches its whiskers.
The quokka bites you but does no damage.
You hit the quokka but do no damage.
The quokka bites you but does no damage.
You hit the quokka.
The quokka is poisoned.
The quokka is heavily wounded.
The quokka barely misses you.
The quokka bites you but does no damage.
You hit the quokka but do no damage.
The quokka looks as sick as possible!
The quokka is almost dead.
You kill the quokka!
No target in view!
A skeleton and a dart slug come into view.
There are monsters nearby!
There are monsters nearby!
There are monsters nearby!
You puncture the dart slug!
The dart slug is poisoned.
The dart slug is severely wounded.
You kill the dart slug!
The quokka skeleton bites you but does no damage.
You see here a dart slug corpse.
You barely miss the quokka skeleton. The quokka skeleton barely misses you.
You hit the quokka skeleton.
The quokka skeleton is heavily damaged.
The quokka skeleton bites you but does no damage.
You hit the quokka skeleton.
You destroy the quokka skeleton!
No target in view!
No target in view!
Found 19 stones.
You now have 61 gold pieces (gained 6).
You now have 77 gold pieces (gained 16).
b - a scroll labelled HUOZUWKOAZ
l - 2 scrolls labelled BEAGHO LOLYOSI (gained 1)
Found a stone staircase leading down.
Found a stone staircase leading up.
No target in view!
A dart slug comes into view.
A dart slug is nearby!
A dart slug is nearby!
The dart slug launches a dart at you. The slug dart hits you.
The dart slug closely misses you.
You puncture the dart slug!
The dart slug is poisoned.
The dart slug is heavily wounded.
You kill the dart slug!
No target in view!
No target in view!
Unknown command.
Unknown command.
Unknown command.
Unknown command.
Unknown command.
Unknown command.
Found a stone staircase leading down.
You now have 92 gold pieces (gained 15).
There is a stone staircase leading down here.
As you open the door, it creaks loudly!
You hear an angry hiss.
There is an open door here.
An iguana comes into view.
An iguana is nearby!
An iguana is nearby!
The iguana misses you.
You closely miss the iguana. The iguana misses you.
You closely miss the iguana. The iguana bites you!
You hit the iguana.
The iguana is poisoned.
The iguana is moderately wounded.
The iguana barely misses you.
You hit the iguana but do no damage.
The iguana is moderately wounded.
The iguana barely misses you.
You hit the iguana.
The iguana is heavily wounded.
The iguana bites you!
You are too injured to fight recklessly!
You are too injured to fight recklessly!
You are too injured to fight recklessly!
There is an open door here.
There is a stone staircase leading down here.
You closely miss the iguana.
The iguana is severely wounded.
The iguana misses you.
You hit the iguana but do no damage.
The iguana looks even sicker.
The iguana is severely wounded.
The iguana bites you but does no damage.
The iguana bites you! The iguana bites you!
* * * LOW HITPOINT WARNING * * *
You kill the iguana!
You have reached level 6!
Your experience leads to an increase in your attributes!
Increase (S)trength, (I)ntelligence, or (D)exterity?
You feel agile.
You start resting.
You start resting.
HP restored.
You now have 101 gold pieces (gained 9).
s - a scroll labelled VIYLEF GIYXAA You see here a quokka skeleton.
Found a stone staircase leading up.
You see here a quokka skeleton.
There is a stone staircase leading up here.
An orc comes into view. It is wielding a +0 falchion.
The orc shouts!
An orc is nearby!
The orc hits you with a +0 falchion.
You barely miss the orc. The orc completely misses you.
You puncture the orc!
You kill the orc!
No target in view!
No target in view!
A kobold comes into view. It is wielding a +0 mace.
A kobold is nearby!
A kobold is nearby!
A kobold is nearby!
The kobold throws a stone.
The stone closely misses you. The kobold barely misses you.
You hit the kobold.
You kill the kobold!
No target in view!
No target in view!
No target in view!
No target in view!
No target in view!
No target in view!
No target in view!
No target in view!
x - a white potion
Things that are here:
a +0 mace; 20 stones
Things that are here:
a +0 falchion; a +0 ring mail; an orc corpse An adder comes into view.
Found a lumpy ruby potion.
The adder misses you.
An adder is nearby!
An adder is nearby!
You hit the adder.
The adder is poisoned.
The adder is heavily wounded.
The adder bites you.
You miss the adder.
The adder is heavily wounded.
The adder bites you but does no damage. The adder closely misses you.
You closely miss the adder.
The adder is heavily wounded.
The adder bites you.
You hit the adder.
The adder looks as sick as possible!
The adder is almost dead.
You kill the adder!
No target in view!
z - a ruby potion You see here an adder corpse.
Found 23 stones.
A - a lumpy ruby potion You now have 113 gold pieces (gained 12).
Done exploring.
Done exploring.
Done exploring.
Done exploring.
Done exploring.
Done exploring.
(D) Dungeon
Where to? (Enter - D:3, ? - help)
A hound skeleton comes into view.
A hound skeleton is nearby!
A hound skeleton is nearby!
A hound skeleton is nearby!
The hound skeleton barely misses you.
You hit the hound skeleton.
The hound skeleton is moderately damaged.
The hound skeleton closely misses you. The hound skeleton barely misses you.
You hit the hound skeleton.
The hound skeleton is moderately damaged.
The hound skeleton closely misses you.
You hit the hound skeleton.
The hound skeleton is heavily damaged.
The hound skeleton closely misses you.
The hound skeleton bites you but does no damage.
You hit the hound skeleton.
The hound skeleton is severely damaged.
The hound skeleton closely misses you.
You puncture the hound skeleton!
The hound skeleton is almost destroyed.
The hound skeleton closely misses you. The hound skeleton bites you.
A hound skeleton is nearby!
You hit the hound skeleton.
You destroy the hound skeleton!
Done exploring.
No target in view!
No target in view!
Done exploring.
Done exploring.
Done exploring.
(D) Dungeon
Where to? (Enter - D:5, ? - help)
There is a stone staircase leading down here.
You climb downwards.
Found four items.
Found a stone staircase leading up.
There is a stone staircase leading up here.
A necrophage is nearby!
A necrophage is nearby!
A necrophage is nearby!
A necrophage is nearby!
Okay, then.
You climb upwards.
There is a stone staircase leading down here.
There is a stone staircase leading down here.
You climb downwards.
Found a staircase to the Ecumenical Temple.
There is a stone staircase leading up here.
(D) Dungeon (T) Temple
Where to? (Enter - D:4 @ (x,y), ? - help)
An ice beast and a skeleton come into view.
Your +1 short sword of venom stops dripping with poison.
Your -1 hand axe of flaming bursts into flame!
a - a -1 hand axe of flaming (weapon)
There is a stone staircase leading up here.
The ice beast hits you. The ice beast freezes you!
You climb upwards.
There is a stone staircase leading down here.
You hit the ice beast but do no damage.
The ice beast hits you but does no damage.
You hit the ice beast but do no damage.
The ice beast hits you but does no damage.
You hit the ice beast.
You melt the ice beast.
The ice beast is lightly wounded.
The ice beast hits you. The ice beast freezes you!
There is a stone staircase leading down here.
Okay, then.
You slash the ice beast!
You melt the ice beast.
The ice beast is moderately wounded.
The ice beast hits you. The ice beast freezes you!
* * * LOW HITPOINT WARNING * * *
Things that are here:
a +0 leather armour; a +0 robe The ice beast hits you but does no damage.
You closely miss the ice beast.
The ice beast is moderately wounded.
You hit the ice beast but do no damage.
The ice beast is moderately wounded.
The ice beast hits you but does no damage.
You hit the ice beast.
You melt the ice beast.
The ice beast is moderately wounded.
The ice beast completely misses you.
You barely miss the ice beast.
The ice beast is moderately wounded.
The ice beast hits you but does no damage.
You barely miss the ice beast.
The ice beast is moderately wounded.
The ice beast hits you but does no damage.
You closely miss the ice beast.
The ice beast is moderately wounded.
The ice beast hits you but does no damage.
You hit the ice beast but do no damage.
The ice beast is moderately wounded.
The ice beast closely misses you.
You hit the ice beast.
You melt the ice beast.
The ice beast is heavily wounded.
The ice beast barely misses you.
You slash the ice beast!
You melt the ice beast.
You kill the ice beast!
Your Armour skill increases to level 4!
HP restored.
Done exploring.
Done exploring.
Done exploring.
Done exploring.
Done exploring.
(D) Dungeon (T) Temple
Where to? (Enter - Temple, ? - help)
There is a stone staircase leading down here.
You climb downwards.
The centaur skeleton hits you but does no damage.
The centaur skeleton closely misses you.
The centaur skeleton hits you. The centaur skeleton barely misses you.
There is a stone staircase leading up here.
You hit the centaur skeleton. You burn the centaur skeleton.
The centaur skeleton is moderately damaged.
The centaur skeleton closely misses you.
The centaur skeleton barely misses you.
You hit the centaur skeleton. You burn the centaur skeleton.
The centaur skeleton is heavily damaged.
The centaur skeleton closely misses you.
The centaur skeleton kicks you but does no damage.
You hit the centaur skeleton. You burn the centaur skeleton.
The centaur skeleton is severely damaged.
The centaur skeleton closely misses you.
The centaur skeleton kicks you.
You hit the centaur skeleton but do no damage.
The centaur skeleton is severely damaged.
The centaur skeleton closely misses you.
The centaur skeleton kicks you but does no damage.
The centaur skeleton closely misses you.
The centaur skeleton kicks you.
You hit the centaur skeleton. You burn the centaur skeleton.
The centaur skeleton is severely damaged.
The centaur skeleton hits you but does no damage.
The centaur skeleton kicks you but does no damage.
You hit the centaur skeleton. You burn the centaur skeleton.
You destroy the centaur skeleton!
Your Axes skill increases to level 8!
No target in view!
No target in view!
No target in view!
No target in view!
(D) Dungeon (T) Temple
Where to? (Enter - D:5, ? - help)
Found a large golden ring and a mace.
You enter the shallow water.
Moving in this stuff is going to be slow.
A gnoll comes into view. It is wielding a +0 whip.
Found a helmet.
The gnoll shouts!
You hear a shout!
A gnoll comes into view. It is wielding a +0 club.
A gnoll comes into view. It is wielding a +0 whip.
The gnoll moves out of view.
A gnoll sergeant comes into view. It is wielding a +2 trident of venom.
The gnoll sergeant moves out of view.
There is a stone staircase leading up, spattered with blood here.
Your -1 hand axe of flaming stops flaming.
Your +1 short sword of venom begins to drip with poison!
u - a +1 short sword of venom (weapon)
You closely miss the gnoll. The gnoll hits you but does no damage.
You hit the gnoll.
The gnoll is moderately wounded.
The gnoll closely misses you.
The gnoll throws a throwing net.
The throwing net hits you.
You become entangled in the net!
You are held in a net!
You are held in a net!
You are held in a net!
You struggle against the net.
The gnoll barely misses you.
You struggle against the net.
The gnoll hits you but does no damage.
You struggle against the net.
The gnoll hits you but does no damage.
You rip the net and break free!
The gnoll hits you but does no damage.
You hit the gnoll.
The gnoll is poisoned.
The gnoll is moderately wounded.
The gnoll barely misses you.
You hit the gnoll.
The gnoll is heavily wounded.
The gnoll hits you with a +0 whip. The gnoll hits you but does no damage.
An orc comes into view. It is wielding a +0 trident.
Your ring mail prevents you from hitting the gnoll.
The gnoll is heavily wounded.
The orc shouts!
The gnoll hits you with a +0 whip. The gnoll barely misses you.
You barely miss the gnoll.
The gnoll is heavily wounded.
An orc comes into view. It is wielding a +0 mace.
The gnoll hits you with a +0 whip. The gnoll hits you with a +0 club.
The orc shouts!
You hit the gnoll.
The gnoll looks as sick as possible!
The gnoll is severely wounded.
You kill the gnoll!
The gnoll hits you with a +0 club.
You are too injured to fight recklessly!
You hit the gnoll.
The gnoll is moderately wounded.
The gnoll closely misses you.
You hit the gnoll.
The gnoll is poisoned.
The gnoll is heavily wounded.
The gnoll hits you with a +0 club. The gnoll hits you with a +0 club.
The orc hits you from afar with a +0 trident.
You climb upwards.
There is a stone staircase leading down here.
A gnoll is nearby!
You closely miss the gnoll.
The gnoll is heavily wounded.
The gnoll barely misses you.
You hit the gnoll.
You kill the gnoll!
Things that are here:
a +0 club; a gnoll corpse You start resting.
HP restored.
There is a stone staircase leading down here.
You climb downwards.
The orc hits you but does no damage. The orc hits you with a +0 trident.
The orc hits you with a +0 mace. The orc hits you with a +0 trident.
There is a stone staircase leading up, spattered with blood here.
You hit the orc.
The orc is poisoned.
The orc is almost dead.
You kill the orc!
The orc barely misses you.
You hit the orc.
The orc is poisoned.
The orc is moderately wounded.
The orc hits you but does no damage.
You barely miss the orc.
The orc is moderately wounded.
The orc barely misses you.
Your ring mail prevents you from hitting the orc.
The orc is moderately wounded.
The orc hits you with a +0 mace.
You completely miss the orc.
The orc is moderately wounded.
The orc hits you but does no damage.
You barely miss the orc.
The orc is moderately wounded.
The orc hits you but does no damage.
You hit the orc.
The orc is severely wounded.
The orc closely misses you.
You hit the orc but do no damage.
The orc looks as sick as possible!
The orc is almost dead.
You kill the orc!
No target in view!
You start resting.
HP restored.
(D) Dungeon (T) Temple
Where to? (Enter - Temple, ? - help)
You enter the shallow water.
Moving in this stuff is going to be slow.
There is a staircase to the Ecumenical Temple here.
You climb downwards.
Welcome to the Ecumenical Temple!
There is a staircase back to the Dungeon here.
Found a glowing golden altar of the Shining One.
Found a sacrificial altar of Ru and an ancient bone altar of Kikubaaqudgha.
Found a bloodstained altar of Trog.
There is a bloodstained altar of Trog here.
Found an ornate altar of the Wu Jian Council.
Found a hide-covered altar of Uskayaw.
Found a broken altar of Ashenzari.
Key pressed, stopping explore.
Found a glowing silver altar of Zin.
Key pressed, stopping explore.
Found a sparkling altar of Nemelex Xobeh.
Key pressed, stopping explore.
Found a white marble altar of Elyvilon.
Found a shimmering altar of Xom.
Found a blossoming altar of Fedhas.
Key pressed, stopping explore.
Found a basalt altar of Yredelemnul.
Found an iron altar of Okawaru.
Found a hazy altar of Hepliaklqana.
Found a shadowy altar of Dithmenos.
Key pressed, stopping explore.
Found a shimmering blue altar of Sif Muna.
Found a burning altar of Makhleb.
Key pressed, stopping explore.
Key pressed, stopping explore.
Key pressed, stopping explore.
Key pressed, stopping explore.
Key pressed, stopping explore.
Key pressed, stopping explore.
There is a shimmering altar of Xom here.
Key pressed, stopping explore.
Key pressed, stopping explore.
Partly explored, can't reach some places.
Partly explored, can't reach some places.
Partly explored, can't reach some places.
Partly explored, can't reach some places.
Partly explored, can't reach some places.
Partly explored, can't reach some places.
Partly explored, can't reach some places.
Partly explored, can't reach some places.
Partly explored, can't reach some places.
Partly explored, can't reach some places.
Partly explored, can't reach some places.
Partly explored, can't reach some places.
Partly explored, can't reach some places.
Unknown command.
Unknown command.
Unknown command.
There is a staircase back to the Dungeon here.
There is an iron altar of Okawaru here.
You kneel at the altar of Okawaru.
You have lost your religion!
Ignis blazes with a vengeful fury!
Ignis burns away your resistance to fire.
Okawaru welcomes you!
Unknown command.
Press < or > to pray at altars.
(D) Dungeon (T) Temple
Where to? (Enter - Temple, ? - help)
There is a staircase back to the Dungeon here.
You climb upwards.
Welcome back to the Dungeon!
There is a staircase to the Ecumenical Temple here.
You enter the shallow water.
Moving in this stuff is going to be slow.
Found a stone staircase leading down.
y - a ring of wizardry
Things that are here:
a +0 leather armour; a +0 trident
Things that are here:
a +0 leather armour; a +0 mace; an orc skeleton
Found a short sword.
A gnoll comes into view. It is wielding a +0 spear.
The gnoll shouts!
You hear a shout!
A gnoll is nearby!
A gnoll is nearby!
A gnoll is nearby!
You enter the shallow water.
Moving in this stuff is going to be slow.
The gnoll hits you but does no damage.
The gnoll throws a throwing net.
The throwing net barely misses you.
The gnoll hits you from afar with a +0 spear.
The gnoll hits you with a +0 spear.
You barely miss the gnoll. The gnoll hits you with a +0 spear.
You hit the gnoll.
The gnoll is poisoned.
The gnoll is moderately wounded.
The gnoll closely misses you.
You barely miss the gnoll.
The gnoll is heavily wounded.
The gnoll hits you with a +0 spear.
You puncture the gnoll!
You kill the gnoll!
Okawaru accepts your kill.
An orc comes into view. It is wielding a +0 club.
The orc shouts!
You hear a shout!
There is a stone staircase leading up, spattered with blood here.
There are monsters nearby!
You climb upwards.
There is a stone staircase leading down here.
You start resting. "My hands, my teeth, my burning tears: these will never betray me!" 3 fire elementals come into view.
You climb downwards.
The orc hits you but does no damage.
There is a stone staircase leading up, spattered with blood here.
The fire elemental hits you. The fire elemental burns you!
Things that are here:
a +0 leather armour; a +0 mace; an orc skeleton
Okay, then.
Okay, then.
Unknown command.
Aiming: Iceblast
Press: ? - help, Shift-Dir - straight line
Okay, then.
Aiming: Iceblast
Press: ? - help, Shift-Dir - straight line The mass of ice explodes!
The iceblast engulfs the orc!
You kill the orc!
Okawaru accepts your kill.
The iceblast engulfs the fire elemental!
The fire elemental is frozen!
The fire elemental is heavily damaged.
You hear a shout!
The fire elemental barely misses you. The fire elemental hits you.
The fire elemental burns you!
Aiming: Iceblast
Press: ? - help, Shift-Dir - straight line The mass of ice explodes!
The iceblast engulfs the gnoll sergeant!
The gnoll sergeant is moderately wounded.
The iceblast engulfs the fire elemental!
The fire elemental is frozen!
The fire elemental is severely damaged.
The gnoll sergeant hits you from afar with a +2 trident of venom!
* * * LOW HITPOINT WARNING * * *
You are lethally poisoned!
The fire elemental hits you. The fire elemental burns you!
* * * LOW HITPOINT WARNING * * *
Aiming: Iceblast
Press: ? - help, Shift-Dir - straight line The mass of ice explodes!
The iceblast engulfs the gnoll sergeant.
The gnoll sergeant is heavily wounded.
The iceblast engulfs the fire elemental!
The fire elemental is frozen!
You destroy the fire elemental!
That felt strangely unrewarding.
* * * LOW HITPOINT WARNING * * *
You feel very sick.
You hear a shout!
The gnoll sergeant hits you from afar with a +2 trident of venom.
* * * LOW HITPOINT WARNING * * *
You are more poisoned.
It was a potion of might.
You feel very mighty all of a sudden.
You die...

########## #........#
..##.....##.#
#........#
..........#.#
#........#
............
###....#####
...........#
####.....##
...........#
#..@..####
....[......###g.#...#
....gg......#.[°#...#
..............)<#).)#
...............##...#
..#.....≈≈≈.........#
.......≈≈§≈≈....#...#
###.##≈§≈§≈§≈.###...#
#. #§§≈>≈§≈.# #...#


You could see a gnoll sergeant.

Vanquished Creatures
  A fire elemental (D:5)
  An ice beast (D:4)
  A hound (D:4)
  A centaur skeleton (D:5)
  An iguana (D:4)
  Natasha (thrice) (D:2)
  A hound skeleton (D:4)
  3 gnolls
  5 adders
  A worm (D:2)
  3 dart slugs
  6 orcs
  6 bats
  5 endoplasms
  3 giant cockroaches
  4 goblins
  9 hobgoblins
  4 jackals (D:1)
  8 kobolds
  3 quokkas
  2 ball pythons
  2 frilled lizards
  A quokka skeleton (D:4)
  4 rats
78 creatures vanquished.

Vanquished Creatures (others)
  18 plants (D:2)
18 creatures vanquished.

Grand Total: 96 creatures vanquished

Notes
Turn   | Place    | Note
-------+----------+-------------------------------------------
     0 | D:1      | sleeves the Hill Orc Cinder Acolyte began the quest for the
                  | Orb.
     0 | D:1      | Reached XP level 1. HP: 19/19 MP: 2/2
   179 | D:1      | HP: 9/19 [jackal (2)]
   187 | D:1      | HP: 7/19 [rat (1)]
   193 | D:1      | Reached XP level 2. HP: 10/26 MP: 3/3
   500 | D:1      | Found Jawof's Antique Armour Boutique.
   648 | D:1      | Reached skill level 5 in Axes
  1135 | D:2      | Reached XP level 3. HP: 31/31 MP: 4/4
  1218 | D:2      | Found a shadowy altar of Dithmenos.
  1243 | D:2      | Learned a level 2 spell: Scorch
  1507 | D:2      | Reached skill level 6 in Axes
  1717 | D:2      | Reached skill level 1 in Armour
  1717 | D:2      | Reached XP level 4. HP: 39/39 MP: 2/5
  2080 | D:2      | Noticed Natasha
  2090 | D:2      | Killed Natasha
  2336 | D:2      | Noticed Natasha
  2344 | D:2      | Killed Natasha
  2345 | D:2      | Reached skill level 2 in Armour
  2345 | D:2      | Reached XP level 5. HP: 32/45 MP: 1/6
  2353 | D:2      | Noticed Natasha
  2360 | D:2      | Killed Natasha
  2693 | D:3      | Noticed Grinder
  2857 | D:3      | Reached skill level 7 in Axes
  2977 | D:3      | Found a faded altar of an unknown god.
  2977 | D:3      | Noticed a chaos spawn
  3101 | D:4      | Reached skill level 3 in Armour
  3288 | D:4      | HP: 13/45 [iguana (10)]
  3290 | D:4      | Reached XP level 6. HP: 15/51 MP: 7/7
  3725 | D:5      | Entered Level 5 of the Dungeon
  3725 | D:5      | Noticed a necrophage
  3775 | D:5      | Found a staircase to the Ecumenical Temple.
  3777 | D:5      | Noticed an ice beast
  3808 | D:4      | HP: 23/51 [ice beast (10)]
  3898 | D:4      | Killed an ice beast
  3899 | D:4      | Reached skill level 4 in Armour
  3992 | D:5      | Reached skill level 8 in Axes
  4223 | Temple   | Entered the Ecumenical Temple
  4564 | Temple   | Fell from the grace of Ignis
  4564 | Temple   | Became a worshipper of Warmaster Okawaru
  4715 | D:4      | Noticed a fire elemental
  4715 | D:4      | Noticed a fire elemental
  4715 | D:4      | Noticed a fire elemental
  4721 | D:5      | HP: 19/51 [gnoll sergeant (11)]
  4721 | D:5      | HP: 9/51 [fire elemental[the fiery vengeance of Ignis]
                  | (10)]
  4722 | D:5      | Killed a fire elemental
  4722 | D:5      | HP: 4/51 [gnoll sergeant (1)]
  4723 | D:5      | Succumbed to a gnoll sergeant's poison

Illustrated notes

Levels and vault maps discovered:
D:1:      roderic_dead_forest, layout_loops_corners, serial_shops,
          nicolae_shop_crystal, minmay_surrounded
D:2:      layout_basic, basic_altar, serial_bayou_lagoon_a, uniq_natasha
D:3:      layout_rooms, dreamdust_ecumenical_altar_sealed_demon, uniq_ijyb,
          uniq_sigmund, uniq_grinder
D:4:      layout_basic, hangedman_decor_points
D:5:      layout_rooms, minmay_temple_entry_mist, minmay_misc_feat_four_crosses,
          minmay_misc_feat_nine_boxes
Temple:   hc_temple_tempest_star

Skill      XL: |  1  2  3  4  5  6 |
---------------+-------------------+-----
Axes           | 5 6 7 8 |  8.1
Armour         | 1 2 3 4 |  4.4
Fighting       | |  3.6
Spellcasting   | |  1.0
Fire Magic     | |  3.2

Action                   |  1- 3 |  4- 6 || total
-------------------------+-------+-------++-------
Melee: Hand axe          |   102 |    67 ||   169
       Short sword       |       |    77 ||    77
 Cast: Scorch            |     5 |    12 ||    17
Evoke: Wand              |       |     3 ||     3
  Use: Potion            |       |     1 ||     1
Armor: Robe              |    42 |     6 ||    48
       Leather armour    |       |    19 ||    19
       Ring mail         |       |    35 ||    35
Dodge: Dodged            |    61 |    87 ||   148

Table legend: (Time is in decaauts)
 A = Elapsed time spent in this place.
 B = Non-inter-level travel time spent in this place.
 C = Inter-level travel time spent in this place.
 D = Time resting spent in this place.
 E = Time spent auto-exploring this place.
 F = Levels seen in this place.
 G = Mean time per level.
                   A        B        C        D        E       F      G
               +--------+--------+--------+--------+--------+-----+--------+
         Total |   4754 |   4573 |    181 |   1084 |   2512 |   6 |  792.3 |
       Dungeon |   4396 |   4231 |    165 |   1084 |   2234 |   5 |  879.2 |
        Temple |    357 |    341 |     16 |      0 |    278 |   1 |  357.0 |
               +--------+--------+--------+--------+--------+-----+--------+

Top non-repeatable levels by time:
     D:2: 1577 daAuts
     D:4: 1168 daAuts
     D:1: 1073 daAuts
     D:3: 378 daAuts
  Temple: 357 daAuts
     D:5: 198 daAuts
